 Dungeon Crawl Stone Soup version 0.32-a0-520-g344ed53f66 (webtiles) character file.

Game seed: 12557010662499037324

1599 BubbleThief the Reanimator (level 8, -2/60 HPs)
             Began as a Demonspawn Cinder Acolyte on Feb 28, 2024.
             Was a High Priest of Ignis.
             Slain by a two-headed ogre
             ... wielding a +0 dire flail
              (25 damage)
             ... on level 6 of the Dungeon.
             The game lasted 00:10:00 (4511 turns).

BubbleThief the Reanimator (DsCA)                   Turns: 4511, Time: 00:10:01

Health: -2/60      AC:  5    Str: 17    XL:     8   Next: 62%
Magic:  14/21      EV: 11    Int: 14    God:    Ignis [*****.]
Gold:   319        SH:  0    Dex:  9    Spells: 4/13 levels left

rFire   + + .        u - +3 trident
rCold   + . .        (no shield)
rNeg    . . .        b - +0 robe
rPois   .            s - +0 helmet
rElec   .            k - scarf {rC+ rF+}
rCorr   .            (no gloves)
SInv    .            (no boots)
Will    .....        (no amulet)
Stlth   +            e - ring of magical power
HPRegen 0.30/turn    (no ring)
MPRegen 0.17/turn

%: no passive effects
@: no status effects
A: claws 2, rugged brown scales 2, spiny 1
a: Renounce Religion, Fiery Armour, Foxfire Swarm, Rising Flame


You were on level 6 of the Dungeon.
You worshipped Ignis.
Ignis was extremely pleased with you.
You visited 1 branch of the dungeon, and saw 6 of its levels.

You collected 319 gold pieces.

Inventory:

Hand Weapons
 u - a +3 trident (weapon)
Armour
 b - a +0 robe (worn)
 j - a +0 buckler
 k - a scarf of resistance (worn)
 s - a +0 helmet (worn)
Jewellery
 e - a ring of magical power (left claw)
Wands
 r - a wand of flame (5)
 y - a wand of charming (17)
Scrolls
 d - a scroll of identify
 h - 3 scrolls of vulnerability {unknown}
 i - a scroll of immolation {unknown}
 m - a scroll of blinking {unknown}
 p - a scroll of torment {unknown}
 t - a scroll of enchant weapon {unknown}
 v - a scroll of fog {unknown}
 w - 2 scrolls of teleportation {unknown}
 x - a scroll of fear {unknown}
 z - a scroll of revelation {unknown}
 B - a scroll of amnesia {unknown}
Potions
 a - a potion of heal wounds
 c - 2 potions of berserk rage
 f - 2 potions of curing
 l - 3 potions of lignification
 n - a potion of might
 o - 2 potions of mutation
 q - a potion of enlightenment {unknown}
 A - a potion of brilliance {unknown}


   Skills:
 - Level 3.0 Fighting
 - Level 2.6 Polearms
 - Level 3.0 Spellcasting
 + Level 5.5 Summonings
 + Level 9.4 Necromancy
 - Level 2.8 Fire Magic


You had 4 spell levels left.
You knew the following spells:

 Your Spells              Type           Power      Damage    Failure   Level
a - Necrotise             Necr           100%       1d9       1%          1
b - Dispel Undead         Necr           28%        3d13      4%          4
c - Martyr's Knell        Necr/Summ      23%        N/A       10%         4

Your spell library contained the following spells:

 Spells                   Type           Power      Damage    Failure   Level
 Vampiric Draining        Necr           28%        2d8       1%          3
 Summon Small Mammal      Summ           68%        N/A       2%          1
 Cigotuvi's Dreadful Rot  Necr/Alch/Air  20%        N/A       9%          2
 Scorch                   Fire           20%        2d5       10%         2
 Apportation              Tloc           4%         N/A       22%         1
 Sting                    Conj/Alch      8%         1d3       22%         1
 Olgreb's Toxic Radiance  Alch           2%         N/A       91%         4
 Curse of Agony           Necr           28%        N/A       12%         5
 Death Channel            Necr           14%        N/A       56%         6
 Ozocubu's Refrigeration  Ice            1%         4d7       100%        7
 Discord                  Hex            1%         N/A       100%        8


Dungeon Overview and Level Annotations

Branches:
Dungeon (6/15)
 Temple: D:4-7

Altars:
Gozag

Shops:
D:3 :   D:4 *

Annotations:
D:2 1 runed translucent door, Crazy Yiuf


Innate Abilities, Weirdness & Mutations

You have very sharp fingernails.
You are mostly covered in rugged brown scales. (AC +2, +5% HP)
You are partially covered in sharp spines.


Message History

The two-headed ogre misses your martyred shade. x2
You reach to attack!
You hit the two-headed ogre.
The two-headed ogre is lightly wounded.
The two-headed ogre barely misses your martyred shade.
The two-headed ogre hits your martyred shade with a +0 giant club!
You reach to attack!
You puncture the two-headed ogre!
The two-headed ogre is moderately wounded.
The two-headed ogre hits your martyred shade with a +0 dire flail!
The two-headed ogre hits your martyred shade with a +0 giant club!
You could not reach far enough!
The two-headed ogre hits your martyred shade with a +0 dire flail!!
Your martyred shade wails in agony as it relives its own death.
Terrible wounds open up all over the two-headed ogre's body!
The two-headed ogre hits your flayed ghost with a +0 giant club!!
You could not reach far enough!
Your flayed ghost cries, "Feel what I felt!"
Terrible wounds spread across more of the two-headed ogre's body!
You reach to attack!
You hit the two-headed ogre.
The two-headed ogre is heavily wounded.
The two-headed ogre barely misses your flayed ghost.
The two-headed ogre hits your flayed ghost with a +0 giant club!!
Your flayed ghost is destroyed!
The terrible wounds on the two-headed ogre's body vanish.
Your flayed ghost disappears in a puff of smoke!
Aiming: Necrotise (safe; 1% risk of failure)
Press: ? - help, Q - select action, (/) - cycle Shift-Dir - straight line, f/p - two-headed ogre
Aim: a two-headed ogre, wielding a +0 dire flail and a +0 giant club (moderately wounded, chance to affect: 70%)
The two-headed ogre struggles to resist.
Unknown command.
Casting: Necrotise (safe; 1% risk of failure)
Confirm with . or Enter, or press ? or * to list all spells.
You call forth a shade to shield your allies.
The two-headed ogre is struck by your spines.
The two-headed ogre hits you with a +0 dire flail!!
The two-headed ogre hits you with a +0 giant club.
You hit the two-headed ogre.
The two-headed ogre is heavily wounded.
The two-headed ogre hits you with a +0 dire flail!!
You die...
Ignis goes out, and joins you in death.

...##..###########.#
...##........#####.#
...##...####.#.....#
...##...####...#####
#####..........#..
..###.#.####...#.#
........####...#.#
.?.)......##...#.#
...............#@#
#.##....#.##...#O###.###
#.#........#....W.......
#.#..####..#..##.###.###
..#..####..#..##.#......
.......................>
.###.####..#...#.#.#.#..
. ............#)#.#.#
#.......#.........#..


You could see a two-headed ogre (ally target) and a friendly martyred shade
(summoned).

Vanquished Creatures
  Pikel (D:5)
  A black bear (D:6)
  4 ice beasts
  An ogre (D:4)
  2 lemures (D:5)
  A phantom (D:4)
  A kobold brigand (D:6)
  2 scorpions
  2 howler monkeys (D:6)
  A jelly (D:6)
  An iguana (D:6)
  Jessica (D:2)
  An orc wizard (D:6)
  Robin (D:2)
  8 adders
  A gnoll (D:3)
  2 dart slugs
  A ribbon worm (D:3)
  4 orcs
  A bat (D:1)
  4 endoplasms
  7 giant cockroaches
  13 hobgoblins
  8 quokkas
  6 ball pythons
  7 frilled lizards
  10 goblins
  8 kobolds
  3 rats
103 creatures vanquished.

Vanquished Creatures (collateral kills)
  A gnoll (D:3)
  A dart slug (D:3)
2 creatures vanquished.

Grand Total: 105 creatures vanquished

Notes
Turn   | Place    | Note
-------+----------+-------------------------------------------
     0 | D:1      | BubbleThief the Demonspawn Cinder Acolyte began the quest
                  | for the Orb.
     0 | D:1      | Reached XP level 1. HP: 18/18 MP: 2/2
   189 | D:1      | Learned a level 1 spell: Necrotise
   308 | D:1      | Gained mutation: You are partially covered in rugged brown
                  | scales. (AC +1, +3% HP) [demonic ancestry]
   308 | D:1      | Reached XP level 2. HP: 14/24 MP: 4/4
   525 | D:1      | Reached skill level 1 in Necromancy
   707 | D:2      | Noticed Jessica
   720 | D:2      | Killed Jessica
   721 | D:2      | Reached skill level 2 in Necromancy
   721 | D:2      | Gained mutation: You are partially covered in sharp spines.
                  | [demonic ancestry]
   721 | D:2      | Reached XP level 3. HP: 7/29 MP: 6/6
  1136 | D:2      | Noticed Robin
  1140 | D:2      | Gained mutation: You are mostly covered in rugged brown
                  | scales. (AC +2, +5% HP) [demonic ancestry]
  1140 | D:2      | Reached XP level 4. HP: 26/36 MP: 7/7
  1147 | D:2      | Killed Robin
  1509 | D:2      | Found a runed translucent door.
  1510 | D:2      | Noticed Crazy Yiuf
  1614 | D:3      | Reached skill level 3 in Necromancy
  1746 | D:3      | Noticed an ice beast
  1753 | D:3      | Killed an ice beast
  1754 | D:3      | Reached skill level 4 in Necromancy
  1754 | D:3      | Gained mutation: You have sharp fingernails. [demonic
                  | ancestry]
  1754 | D:3      | Reached XP level 5. HP: 37/43 MP: 9/9
  1893 | D:3      | Found Plog's Book Boutique.
  2210 | D:3      | Reached skill level 5 in Necromancy
  2742 | D:4      | Noticed a phantom
  2754 | D:4      | Killed a phantom
  2755 | D:4      | Gained mutation: You have very sharp fingernails. [demonic
                  | ancestry]
  2755 | D:4      | Reached XP level 6. HP: 36/49 MP: 10/10
  2808 | D:4      | Found Elyife's Lightly-Used Armoury.
  2876 | D:4      | Noticed an ice beast
  2881 | D:4      | Killed an ice beast
  2882 | D:4      | Reached skill level 6 in Necromancy
  2948 | D:4      | Reached skill level 7 in Necromancy
  2948 | D:4      | Reached XP level 7. HP: 42/54 MP: 11/11
  2953 | D:4      | Learned a level 4 spell: Dispel Undead
  2958 | D:4      | Learned a level 4 spell: Martyr's Knell
  3407 | D:5      | Entered Level 5 of the Dungeon
  3636 | D:5      | Reached skill level 1 in Summonings
  3714 | D:5      | Found an opulent altar of Gozag.
  3801 | D:5      | Noticed Pikel
  3836 | D:5      | Killed Pikel
  3837 | D:5      | Reached skill level 8 in Necromancy
  3837 | D:5      | Reached XP level 8. HP: 10/60 MP: 12/12
  4429 | D:6      | Reached skill level 9 in Necromancy
  4461 | D:6      | Reached skill level 5 in Summonings
  4496 | D:6      | Noticed a two-headed ogre
  4511 | D:6      | Slain by a two-headed ogre

Illustrated notes

Levels and vault maps discovered:
D:1:      giann_forest_graveyard, layout_rooms, minmay_3d_cube
D:2:      layout_loops_cross, uniq_robin, uniq_crazy_yiuf_cottage, uniq_jessica
D:3:      wad_woods_tower, layout_basic, serial_shops, nicolae_shop_tiny_glass
D:4:      layout_basic, minmay_shop_damaged, minmay_pentomino_pile
D:5:      layout_loops_ring, grunt_gozag_statues, uniq_pikel
D:6:      cheibrodos_fzero, layout_basic, kennysheep_okawaru_gauntlet,
          lemuel_crystal_altar, minmay_temple_entry_poolview,
          kennysheep_generic_room_7

Skill      XL: |  1  2  3  4  5  6  7  8 |
---------------+-------------------------+-----
Necromancy     | 2 4 5 7 8 9 |  9.4
Spellcasting   | 2 3 |  3.0
Summonings     | 3 5 |  5.5
Fighting       | |  3.0
Polearms       | |  2.6
Fire Magic     | |  2.8

Action                     |  1- 3 |  4- 6 |  7- 9 || total
---------------------------+-------+-------+-------++-------
  Melee: Spear             |    74 |       |       ||    74
         Quarterstaff      |    12 |    15 |       ||    27
         Trident           |       |    57 |    86 ||   143
   Cast: Necrotise         |     6 |    44 |    12 ||    62
         Martyr's Knell    |       |       |     3 ||     3
 Invoke: Fiery Armour      |       |       |     2 ||     2
    Use: Scroll            |       |       |     7 ||     7
         Potion            |       |       |     1 ||     1
   Stab: Distracted        |       |     1 |       ||     1
 Armour: Robe              |    44 |    35 |    50 ||   129
  Dodge: Dodged            |    42 |    40 |    39 ||   121
         Repelled          |     2 |       |       ||     2

Table legend: (Time is in decaauts)
 A = Elapsed time spent in this place.
 B = Non-inter-level travel time spent in this place.
 C = Inter-level travel time spent in this place.
 D = Time resting spent in this place.
 E = Time spent auto-exploring this place.
 F = Levels seen in this place.
 G = Mean time per level.
                   A        B        C        D        E       F      G
               +--------+--------+--------+--------+--------+-----+--------+
         Total |   4550 |   4370 |    180 |    100 |   3479 |   6 |  758.3 |
       Dungeon |   4550 |   4370 |    180 |    100 |   3479 |   6 |  758.3 |
               +--------+--------+--------+--------+--------+-----+--------+

Top non-repeatable levels by time:
     D:3: 1109 daAuts
     D:5: 897 daAuts
     D:2: 891 daAuts
     D:4: 747 daAuts
     D:1: 674 daAuts
     D:6: 230 daAuts
